 Dungeon Crawl Stone Soup version 0.19.5 (webtiles) character file.

47 tidbits the Ducker (level 3, 4/23 HPs)
             Began as a High Elf Wanderer on July 17, 2017.
             Quit the game on level 3 of the Dungeon.
             The game lasted 00:06:02 (751 turns).

tidbits the Ducker (High Elf Wanderer)               Turns: 751, Time: 00:06:02

Health: 4/23       AC:  6    Str: 13 (14) XL:     3   Next: 48%
Magic:  4/4        EV:  9    Int: 18 (19) God:
Gold:   39         SH:  7    Dex: 12 (14) Spells: 0 memorised, 2 levels left

rFire  . . .     SeeInvis .     b - +0 hand crossbow
rCold  . . .     Gourm    .     c - +0 ring mail
rNeg   . . .     Faith    .     g - +0 shield
rPois  .         Spirit   .     (no helmet)
rElec  .         Reflect  .     (no cloak)
rCorr  .         Harm     .     G - +0 pair of gloves
MR     .....                    (no boots)
Stlth  +.........               (no amulet)
                                (no ring)
                                (no ring)

@: brilliant
A: no striking features
a: no special abilities


You were on level 3 of the Dungeon.
You were not hungry.

You visited 1 branch of the dungeon, and saw 3 of its levels.

You collected 39 gold pieces.

Inventory:

Hand Weapons
 a - a +0 dagger of flaming
   (You found it on level 1 of the Dungeon)
 b - a +0 hand crossbow (weapon)
Missiles
 d - 7 bolts (quivered)
 i - 25 stones
 p - 14 arrows
Armour
 c - a +0 ring mail (worn)
 g - a +0 shield (worn)
 G - a +0 pair of gloves (worn)
   (You found it on level 1 of the Dungeon)
Scrolls
 e - a scroll of enchant armour {unknown}
 k - 2 scrolls of identify {unknown}
 l - a scroll of enchant weapon {unknown}
 n - a scroll of fear {unknown}
 q - a scroll of remove curse {unknown}
Comestibles
 f - a bread ration
 h - a fruit
 m - a meat ration


   Skills:
 - Level 1.0 Fighting
   Level 1.0 Axes
 - Level 3.0 Crossbows
 - Level 1.0 Throwing
 - Level 2.6 Armour
 + Level 3.5 Dodging
 - Level 1.0 Shields


You had 2 spell levels left.
You didn't know any spells.

Dungeon Overview and Level Annotations

Branches:
Dungeon (3/15)

Altars:
Ashenzari
Elyvilon
Zin

Portals:
Sewer: D:3

Annotations:
D:3 Jessica


Message History

Found 10 gold pieces.
Your +0 dagger of flaming stops flaming.
b - a +0 hand crossbow (weapon)
Firing (i - inventory. (,) - cycle):
d - 15 bolts (quivered)
Press: ? - help, Shift-Dir - straight line, f - worm
Aim: a worm You shoot a bolt.
The bolt barely misses the worm.
Firing (i - inventory. (,) - cycle):
d - 14 bolts (quivered)
Press: ? - help, Shift-Dir - straight line, f/p - worm
Aim: a worm You shoot a bolt.
The bolt hits the worm!
The worm is severely wounded.
Firing (i - inventory. (,) - cycle):
d - 13 bolts (quivered)
Press: ? - help, Shift-Dir - straight line, f/p - worm
Aim: a worm (severely wounded)
You shoot a bolt. The bolt hits the worm!
You kill the worm!
d - 13 bolts (gained 1)
d - 14 bolts (gained 1)
You now have 39 gold pieces (gained 10).
A kobold comes into view.
Found a stone staircase leading down.
There is a stone staircase leading down here.
You climb downwards.
You hear the sound of rushing water.
There is an entrance to a sewer on this level.
Hurry and find it before the portal rusts away!
You hear the brisk rusting of a very distant drain.
Level annotation: Jessica Jessica very coldly says, "I hate your company."
Found a glowing drain.
A giant cockroach comes into view.
There is a stone staircase leading up here.
Found a spear.
A frilled lizard comes into view.
The frilled lizard hisses angrily.
Jessica points at you and mumbles some strange words.
You resist with some effort.
A hobgoblin comes into view.
It was a potion of brilliance.
You feel clever all of a sudden.
It was a potion of degeneration.
There was something very wrong with that liquid.
You feel weakened.
You feel dopey.
You feel clumsy.
Firing (i - inventory. (,) - cycle):
d - 14 bolts (quivered)
Press: ? - help, Shift-Dir - straight line, f - Jessica
Aim: Jessica, wielding a club and wearing a runed robe You shoot a bolt.
The bolt hits the river rat but does no damage.
The river rat barely misses you. The river rat closely misses you.
The hobgoblin closely misses you.
Firing (i - inventory. (,) - cycle):
d - 13 bolts (quivered)
Press: ? - help, Shift-Dir - straight line, f - hobgoblin
Aim: a hobgoblin You shoot a bolt.
The bolt hits the hobgoblin but does no damage.
The river rat bites you. You block the hobgoblin's attack.
Firing (i - inventory. (,) - cycle):
d - 12 bolts (quivered)
Press: ? - help, Shift-Dir - straight line, f/p - hobgoblin
Aim: a hobgoblin You shoot a bolt.
The bolt hits the hobgoblin.
The hobgoblin is moderately wounded.
Jessica gestures wildly while chanting.
Jessica blinks!
The river rat barely misses you. You block the hobgoblin's attack.
The river rat barely misses you.
Firing (i - inventory. (,) - cycle):
d - 11 bolts (quivered)
Press: ? - help, Shift-Dir - straight line, f/p - hobgoblin
Aim: a hobgoblin (moderately wounded)
You shoot a bolt. The bolt hits the hobgoblin!
You kill the hobgoblin!
The river rat bites you!
Firing (i - inventory. (,) - cycle):
d - 10 bolts (quivered)
Press: ? - help, Shift-Dir - straight line, f - Jessica
Aim: Jessica, wielding a club and wearing a runed robe You shoot a bolt.
The bolt hits the river rat!
The river rat is heavily wounded.
You block the river rat's attack. The river rat bites you.
* * * LOW HITPOINT WARNING * * *
Unknown command.
Firing (i - inventory. (,) - cycle):
d - 9 bolts (quivered)
Press: ? - help, Shift-Dir - straight line, f/p - Jessica
Aim: Jessica, wielding a club and wearing a runed robe You shoot a bolt.
The bolt hits the river rat but does no damage.
The river rat is heavily wounded.
The river rat bites you.
* * * LOW HITPOINT WARNING * * *
Unknown command.
Firing (i - inventory. (,) - cycle):
d - 8 bolts (quivered)
Press: ? - help, Shift-Dir - straight line, f - giant cockroach
Aim: a giant cockroach (clinging)
You shoot a bolt. The bolt closely misses the river rat.
The bolt closely misses the frilled lizard.
The bolt hits the giant cockroach but does no damage.
The river rat bites you.
* * * LOW HITPOINT WARNING * * *
The river rat bites you.
* * * LOW HITPOINT WARNING * * *
You aren't carrying any potions.
Unknown command.
Are you sure you want to abandon this character and quit the game? (Confirm with "yes".)

.............#
.............#
........<..#
......#..#.#
......#..#.#.##
......rS@..l...
.....##l#..#...
.### #r#..# .
#@##.). #(#
.#.. #.# .....
... .... ...
#..## #... #...


You could see a river rat, Jessica, a ball python, a frilled lizard and a rat.

Vanquished Creatures
  An adder (D:2)
  A worm (D:2)
  3 dart slugs
  2 leopard geckos (D:1)
  An orc (D:2)
  3 giant cockroaches
  A goblin (D:1)
  5 hobgoblins
  A quokka (D:2)
  A bat (D:2)
  2 frilled lizards
  2 kobolds
  3 rats (D:1)
26 creatures vanquished.

Notes
Turn   | Place    | Note
-------+----------+-------------------------------------------
     0 | D:1      | tidbits the High Elf Wanderer began the quest for the Orb.
     0 | D:1      | tidbits set off with: a +0 shield, a +0 ring mail, a +0 hand crossbow, 24 bolts, a bread ration
     0 | D:1      | Reached XP level 1. HP: 13/13 MP: 2/2
   136 | D:1      | Reached skill level 1 in Dodging
   285 | D:1      | Reached XP level 2. HP: 13/18 MP: 3/3
   339 | D:1      | Reached skill level 2 in Dodging
   385 | D:3      | Noticed Jessica
   482 | D:2      | Reached skill level 3 in Dodging
   482 | D:2      | Reached XP level 3. HP: 22/23 MP: 4/4
   540 | D:2      | Found a shattered altar of Ashenzari.
   541 | D:2      | Found a white marble altar of Elyvilon.
   541 | D:2      | Found a glowing silver altar of Zin.
   735 | D:3      | Found a glowing drain.
   751 | D:3      | Quit the game

Skill      XL: |  1  2 |
---------------+-------+-----
Dodging        | 1 3 |  3.5
Fighting       | |  1.0
Axes           | |  1.0
Crossbows      | |  3.0
Throwing       | |  1.0
Armour         | |  2.6
Shields        | |  1.0

Action                   || total
-------------------------++-------
Melee: Dagger            ||    43
 Fire: Hand crossbow     ||    56
  Use: Potion            ||     2
Armor: Ring mail         ||    23
Dodge: Dodged            ||    24
Block: Shield            ||    20

Table legend:
 A = Turns spent in this place as a percentage of turns spent in the entire game.
 B = Non-inter-level travel turns spent in this place as a percentage of non-inter-level travel turns spent in the entire game.
 C = Inter-level travel turns spent in this place as a percentage of turns spent in this place.
 D = Turns resting spent in this place as a percentage of non-inter-level travel turns spent in this place.
 E = Turns spent auto-exploring this place as a percentage of non-inter-level travel turns spent in this place.
 F = Non-inter-level travel turns spent in this place divided by the number of levels of this place that you've seen.
                   A       B       C       D       E      F
               +-------+-------+-------+-------+-------+----------------------
         Total | 100.0 | 100.0 |   0.3 |   0.0 |   0.0 | 208.0
       Dungeon | 100.0 | 100.0 |   0.3 |   0.0 |   0.0 | 208.0
               +-------+-------+-------+-------+-------+----------------------

Table legend:
 A = Kills in this place as a percentage of kills in entire the game.
 B = Kills by you in this place as a percentage of kills by you in the entire game.
 C = Kills by friends in this place as a percentage of kills by friends in the entire game.
 D = Other kills in this place as a percentage of other kills in the entire game.
 E = Experience gained in this place as a percentage of experience gained in the entire game.
 F = Experience gained in this place divided by the number of levels of this place that you have seen.
                   A       B       C       D       E      F
               +-------+-------+-------+-------+-------+----------------------
         Total | 100.0 | 100.0 |  -nan |  -nan | 100.0 |  22.7
       Dungeon | 100.0 | 100.0 |  -nan |  -nan | 100.0 |  22.7
               +-------+-------+-------+-------+-------+----------------------

Vault maps used:
D:1:      dpeg_arrival_prison
D:2:      nicolae_overflow_hidden_temple, minivault_19
D:3:      overflow_temple_1_default, vehumet_crystals, portal_sewer_entry_a,
          first_bread, minmay_crystal_water, uniq_jessica
